 Dungeon Crawl Stone Soup version 0.29.0-13-gc9e81de378 (webtiles) character file.

Game seed: 8224993626897614532

52 SnakkuSnakku7 the Shooter (level 4, 0/33 HPs)
             Began as a Djinni Hunter on Sept 9, 2022.
             Slain by a bat (1 damage)
             ... on level 2 of the Dungeon.
             The game lasted 00:01:41 (1371 turns).

SnakkuSnakku7 the Shooter (Djinni Hunter)           Turns: 1371, Time: 00:01:41

Health: 0/33       AC:  3    Str: 10    XL:     4   Next: 8%
Gold:   109        EV: 12    Int: 11    God:
                   SH:  0    Dex: 18

rFire   + + .      SeeInvis .   a - +0 shortbow
rCold   x . .      Faith    .   (shield currently unavailable)
rNeg    . . .      Spirit   .   c - +0 leather armour
rPois   ∞          Reflect  .   (no helmet)
rElec   .          Harm     .   f - scarf {repulsion}
rCorr   .          Rampage  .   (no gloves)
Will    .....                   (boots unavailable)
Stlth   ++........              (no amulet)
HPRegen 0.11/turn               (no ring)
MPRegen 0.00/turn               (no ring)

@: flying, repel missiles
A: sickness immunity, fire resistance 2, cold vulnerability 1, float, innate
caster, HP casting, extra vitality 1
a: no special abilities


You were on level 2 of the Dungeon.
You visited 1 branch of the dungeon, and saw 3 of its levels.

You collected 109 gold pieces.

Inventory:

Hand Weapons
 a - a +0 shortbow (weapon)
Missiles
 e - a throwing net
Armour
 c - a +0 leather armour (worn)
 f - a scarf of repulsion (worn)
Scrolls
 b - 2 scrolls of immolation
 d - a scroll of poison {unknown}
 g - a scroll of identify {unknown}
 h - a scroll of enchant weapon {unknown}
 k - 2 scrolls of brand weapon {unknown}
 l - a scroll of teleportation {unknown}
 n - a scroll of silence {unknown}
Potions
 i - a potion of brilliance {unknown}
 j - a potion of magic
 m - a potion of might {unknown}


   Skills:
 - Level 2.0 Fighting
 + Level 4.4 Ranged Weapons
 - Level 2.1 Dodging
 - Level 0.7 Stealth


You had 2 spell levels left.
You knew the following spells:

 Your Spells              Type           Power      Damage    Failure   Level
a - Magic Dart            Conj           0%         1d3       43%         1
Your spell library was empty.

Dungeon Overview and Level Annotations

Branches:
Dungeon (3/15)

Altars:


Innate Abilities, Weirdness & Mutations

You are immune to sickness and miasma.
You are immune to poison.
Your flesh is very heat resistant. (rF++)
You are vulnerable to cold. (rC-)
You float through the air rather than walking.
You learn spells naturally, not from books.
Your magical power is your life essence.
You have superior vitality. (+4 MHP)


Message History

You kill the orc!
You hear a shout! x3
No target in view!
No target in view!
No target in view!
There is a stone staircase leading up here.
A gnoll comes into view. It is wielding a +0 club.
A gnoll comes into view. It is wielding a +0 halberd.
The gnoll shouts!
You hear a shout!
The gnoll shouts!
You hear a shout! x3
A hobgoblin comes into view.
An orc comes into view. It is wielding a +1 dagger of draining.
A bat comes into view.
There is a stone staircase leading up here.
You shoot an arrow.
The arrow hits the gnoll but does no damage.
You shoot an arrow. The arrow barely misses the gnoll.
The arrow hits the gnoll.
The gnoll is moderately wounded.
The bat hits you but does no damage. x2
The gnoll hits you from afar with a +0 halberd!
The gnoll closely misses you.
You shoot an arrow. The arrow hits the gnoll.
The gnoll is moderately wounded.
The bat completely misses you. The gnoll hits you with a +0 club.
The gnoll hits you from afar with a +0 halberd!
* * * LOW HITPOINT WARNING * * *
You are too injured to fight recklessly!
Unknown command.
Okay, then.
The bat hits you.
* * * LOW HITPOINT WARNING * * *
The bat hits you but does no damage. The gnoll hits you with a +0 club.
* * * LOW HITPOINT WARNING * * *
The gnoll barely misses you.
You fly upwards.
There is a stone staircase leading down here.
It was a potion of magic.
Magic washes over you without effect. The bat hits you.
You die...

##....# #..................
##.##.# ##.............÷....
##.##.### ###...................
##......####.....................
####.........##..................
# #####.).....#............<....
#########....#..#................
.................g.......#.#.....
#########.##..#b@.....#.....##...
#..###..##..##.#.....##### #.##
##...)......[..#.# # #.#
#####........#..# # ##.#
######..#...# # #######..#
############...## # ........##
#....##...##...## # ....#####
#.#.....#...#...#### ###.#
#..#...#.#...#..#...


You could see a gnoll and a bat.

Vanquished Creatures
  An adder (D:2)
  An orc (D:3)
  3 ball pythons (D:1)
  4 endoplasms
  2 giant cockroaches (D:1)
  3 goblins (D:1)
  7 hobgoblins
  A jackal (D:2)
  A quokka (D:1)
  4 bats
  A frilled lizard (D:1)
  4 kobolds (D:1)
  6 rats
38 creatures vanquished.

Notes
Turn   | Place    | Note
-------+----------+-------------------------------------------
     0 | D:1      | SnakkuSnakku7 the Djinni Hunter began the quest for the
                  | Orb.
     0 | D:1      | Reached XP level 1. HP: 18/18 MP: 0/0
    34 | D:1      | Reached XP level 2. HP: 10/23 MP: 0/0
   425 | D:1      | Reached XP level 3. HP: 28/28 MP: 0/0
   425 | D:1      | Learned a level 1 spell: Magic Dart
   461 | D:1      | Reached skill level 4 in Ranged Weapons
  1185 | D:2      | Reached XP level 4. HP: 33/33 MP: 0/0
  1246 | D:2      | Identified the +2 hand axe of Glory {vorpal, rF+ SInv}
  1369 | D:3      | HP: 1/33 [gnoll/+0 club (3)]
  1371 | D:2      | Slain by a bat

Illustrated notes

Levels and vault maps discovered:
D:1:      mrwooster_arrival_statue_3, layout_basic
D:2:      layout_rooms, hangedman_decor_slide_cut, fountainhead,
          minmay_indecisive_spiral
D:3:      layout_loops_ring, mainiacjoe_overflow_small_starburst,
          lemuel_coloured_pillars_altar, amcnicky_altar_gilded,
          hellmonk_ecumenical_altar_prayer_group, gup_sewer_entry_spiral,
          grunt_ministairs_13, corner_web_ring, guppyfry_early_lair_pool,
          uniq_crazy_yiuf_cottage, uniq_sigmund

Skill      XL: |  1  2  3 |
---------------+----------+-----
Ranged Weapons | 4 |  4.4
Fighting       | |  2.0
Dodging        | |  2.1
Stealth        | |  0.7

Action                   |  1- 3 |  4- 6 || total
-------------------------+-------+-------++-------
 Fire: Shortbow          |   101 |     5 ||   106
  Use: Potion            |       |     1 ||     1
Armor: Leather armour    |    16 |     3 ||    19
Dodge: Dodged            |    51 |     3 ||    54
